 Dungeon Crawl Stone Soup version 0.23.1 (webtiles) character file.

Game seed: 16335574859580870515

63 Borgoz the Sneak (level 4, 0/24 HPs)
             Began as a Kobold Enchanter on Mar 15, 2019.
             Succumbed to an adder's poison
             ... on level 3 of the Dungeon.
             The game lasted 00:03:34 (1926 turns).

Borgoz the Sneak (Kobold Enchanter)                 Turns: 1926, Time: 00:03:35

Health: 0/24       AC:  3    Str:  5    XL:     4   Next: 31%
Magic:  7/7        EV: 21    Int: 16    God:
Gold:   77         SH:  0    Dex: 21    Spells: 5/8 levels left

rFire    . . .     SeeInvis .   a - +1 dagger
rCold    . . .     Gourm    .   (shield restricted)
rNeg     . . .     Faith    .   b - +1 robe
rPois    .         Spirit   .   (no helmet)
rElec    .         Reflect  .   (no cloak)
rCorr    .         Harm     .   (no gloves)
MR       .....                  (no boots)
Stlth    ++++......             (no amulet)
HPRegen  0.08/turn              (no ring)
MPRegen  0.10/turn              (no ring)

@: agile, lethally poisoned (0 -> -2), flying, very slightly contaminated,
invisible
A: small, carnivore
a: no special abilities


You were on level 3 of the Dungeon.
You were very full.

You visited 1 branch of the dungeon, and saw 3 of its levels.

You collected 77 gold pieces.

Inventory:

Hand Weapons
 a - a +1 dagger (weapon)
Missiles
 c - 5 tomahawks (quivered)
Armour
 b - a +1 robe (worn)
Scrolls
 h - a scroll of random uselessness
 j - a scroll of magic mapping
Comestibles
 d - 5 rations


   Skills:
 + Level 0.3 Fighting
 + Level 2.4 Short Blades
 + Level 2.8 Dodging
 + Level 4.6 Stealth
 + Level 2.5 Spellcasting
 + Level 3.6 Hexes
 + Level 0.4 Ice Magic


You had 5 spell levels left.
You knew the following spells:

 Your Spells              Type           Power        Failure   Level  Hunger
a - Corona                Hex            ##.....      4%          1    #......
b - Ensorcelled Hibernat  Hex/Ice        #.....       13%         2    ##.....

Your spell library contained the following spells:

 Spells                   Type           Power        Failure   Level  Hunger
 Slow                     Hex            ##......     7%          2    ##.....
 Confuse                  Hex            ##......     13%         3    ###....
 Tukima's Dance           Hex            ##......     13%         3    ###....
 Magic Dart               Conj           #...         21%         1    #......
 Dazzling Spray           Conj/Hex       #.....       28%         3    ###....
 Blink                    Tloc           N/A          30%         2    ##.....
 Call Imp                 Summ           #.......     30%         2    ##.....
 Conjure Flame            Conj/Fire      #.......     52%         3    ###....
 Mephitic Cloud           Conj/Pois/Air  #.......     52%         3    ###....


Dungeon Overview and Level Annotations

Branches:
Dungeon (3/15)

Altars:


Innate Abilities, Weirdness & Mutations

You are small and have problems with some larger weapons.
You are carnivorous and can eat meat at any time.


Message History

There is a lethal amount of poison in your body!
* * * LOW HITPOINT WARNING * * *
You feel sick.
* * * LOW HITPOINT WARNING * * *
You feel sick.
There is an escape hatch in the floor here.
You fly downwards.
The hatch slams shut behind you.
A hobgoblin comes into view. It is wielding a +0 club.
Found a hardcover book.
You are too injured to fight recklessly!
The helpless hobgoblin fails to defend itself.
You impale the hobgoblin!!
You kill the hobgoblin!
* * * LOW HITPOINT WARNING * * *
You feel sick.
You see here a +0 club.
You see here a book of Minor Magic.
You pick up a book of Minor Magic and begin reading...
You add the spells Magic Dart, Blink, Call Imp, Slow, Conjure Flame and Mephitic Cloud to your library.
You die...

####
+..#
#@#
#.#
#.#
#)#
#.#
#.#
..#
####


There were no monsters in sight!

Vanquished Creatures
  3 gnolls (D:2)
  An adder (D:2)
  A ball python (D:2)
  2 giant cockroaches
  3 goblins (D:1)
  3 hobgoblins
  3 jackals (D:1)
  A quokka (D:2)
  3 bats
  2 frilled lizards
  A kobold (D:1)
  4 rats (D:1)
27 creatures vanquished.

Notes
Turn   | Place    | Note
-------+----------+-------------------------------------------
     0 | D:1      | Borgoz the Kobold Enchanter began the quest for the Orb.
     0 | D:1      | Reached XP level 1. HP: 10/10 MP: 3/3
   158 | D:1      | Reached XP level 2. HP: 8/15 MP: 3/5
   173 | D:1      | Learned a level 2 spell: Ensorcelled Hibernation
  1373 | D:2      | Reached XP level 3. HP: 19/19 MP: 6/6
  1407 | D:2      | Reached XP level 4. HP: 14/24 MP: 3/7
  1922 | D:3      | HP: 1/24 [poisoned by an adder]
  1926 | D:3      | Succumbed to an adder's poison

Skill      XL: |  1  2  3 |
---------------+----------+-----
Short Blades   | 2 |  2.4
Fighting       | |  0.3
Dodging        | |  2.8
Stealth        | |  4.6
Spellcasting   | |  2.5
Hexes          | |  3.6
Ice Magic      | |  0.4

Action                   |  1- 3 |  4- 6 || total
-------------------------+-------+-------++-------
Melee: Dagger            |   101 |    32 ||   133
 Cast: Corona            |     5 |     3 ||     8
       Ensorcelled Hiber |     6 |     5 ||    11
  Use: Scroll            |       |     4 ||     4
       Potion            |       |     4 ||     4
 Stab: Sleeping          |     6 |     3 ||     9
  Eat: Chunk             |    10 |     2 ||    12
Armor: Robe              |    11 |     4 ||    15
Dodge: Dodged            |    73 |    27 ||   100
